 Dungeon Crawl Stone Soup version 0.28.0-53-g5a82cb258f (webtiles) character file.

Game seed: 7280127924071398378

155 NotreDorf the Poker (level 5, -3/41 HPs)
             Began as a Merfolk Gladiator on Aug 4, 2022.
             Slain by an iguana (6 damage)
             ... on level 3 of the Dungeon on Aug 20, 2022.
             The game lasted 00:07:30 (3318 turns).

NotreDorf the Poker (Merfolk Gladiator)             Turns: 3318, Time: 00:07:31

Health: -3/41      AC:  8    Str: 14    XL:     5   Next: 37%
Magic:  0/6        EV: 14    Int:  8    God:
Gold:   182        SH:  0    Dex: 17    Spells: 6/6 levels left

rFire   . . .      SeeInvis +   a - +0 trident
rCold   + . .      Faith    .   (no shield)
rNeg    . . .      Spirit   +   k - +2 leather armour {rC+}
rPois   +          Reflect  .   c - +0 helmet
rElec   .          Harm     .   (no cloak)
rCorr   .          Rampage  .   l - +0 pair of gloves
Will    .....                   n - +0 pair of boots
Stlth   ++........              i - amulet of guardian spirit
HPRegen 0.13/turn               b - ring of poison resistance
MPRegen 0.10/turn               m - ring of see invisible

@: mighty
A: (nimble swimmer 2), mertail
a: no special abilities


You were on level 3 of the Dungeon.
You visited 1 branch of the dungeon, and saw 4 of its levels.

You collected 182 gold pieces.

Inventory:

Hand Weapons
 a - a +0 trident (weapon)
Missiles
 d - a throwing net (quivered)
Armour
 c - a +0 helmet (worn)
 k - a +2 leather armour of cold resistance (worn)
 l - a +0 pair of gloves (worn)
 n - a +0 pair of boots (worn)
Jewellery
 b - a ring of poison resistance (left hand)
 i - an amulet of guardian spirit (around neck)
 m - a ring of see invisible (right hand)
Scrolls
 f - 4 scrolls of identify {unknown}
 g - a scroll of enchant weapon {unknown}
Potions
 h - a potion of might
 j - 2 potions of magic {unknown}


   Skills:
 + Level 3.3 Fighting
 + Level 5.6 Polearms
 - Level 2.0 Throwing
 + Level 5.1 Dodging
 + Level 2.6 Stealth
 + Level 1.1 Spellcasting


You had 6 spell levels left.
You didn't know any spells.
Your spell library was empty.

Dungeon Overview and Level Annotations

Branches:
Dungeon (4/15)
 Temple: D:4-7

Altars:
Ashenzari

Annotations:
D:4 Grinder


Innate Abilities, Weirdness & Mutations

((You are very nimble when in or above water. (Stealth+, EV+, Speed+++)))
Your lower body shifts to a powerful aquatic tail in water.


Message History

There is a stone staircase leading up here.
The iguana barely misses you.
You climb upwards.
There is a stone staircase leading down here.
You are too injured to fight recklessly!
You are too injured to fight recklessly!
You are too injured to fight recklessly!
You hit the iguana.
The iguana is lightly wounded.
The iguana barely misses you.
You hit the iguana but do no damage.
The iguana is lightly wounded.
The iguana bites you but does no damage.
You hit the iguana but do no damage.
The iguana is lightly wounded.
The iguana closely misses you.
You hit the iguana.
The iguana is moderately wounded.
The iguana bites you.
* * * LOW HITPOINT WARNING * * *
You barely miss the iguana.
The iguana is moderately wounded.
The iguana barely misses you.
You hit the iguana but do no damage.
The iguana is moderately wounded.
The iguana closely misses you.
You completely miss the iguana.
The iguana is moderately wounded.
The iguana bites you!
* * * LOW HITPOINT WARNING * * *
You closely miss the iguana.
The iguana is moderately wounded.
The iguana closely misses you.
You barely miss the iguana.
The iguana is moderately wounded.
The iguana barely misses you.
It was a potion of might.
You feel very mighty all of a sudden. The iguana bites you!
You die...

#.....# ##.#.
#.....# #...
#....## ##.. ######
##.. #..# #.##
##### #.#. ##l..##
###.#. ##@....##
###...#.
#.......####...###.
#..................
#...........#######
##.......#### #....
##.....#....###.###
#.........#....>##.
#.......#...#......
#.......#.....##.##


You could see an iguana.

Vanquished Creatures
  A scorpion (D:4)
  A jelly (D:4)
  An adder (D:4)
  2 dart slugs
  2 orcs (D:4)
  2 endoplasms (D:3)
  A giant cockroach (D:1)
  4 goblins
  6 hobgoblins
  6 kobolds
  A quokka (D:1)
  2 ball pythons
  7 bats
  4 frilled lizards (D:1)
  9 rats
49 creatures vanquished.

Notes
Turn   | Place    | Note
-------+----------+-------------------------------------------
     0 | D:1      | NotreDorf the Merfolk Gladiator began the quest for the
                  | Orb.
     0 | D:1      | Reached XP level 1. HP: 16/16 MP: 1/1
   451 | D:1      | Reached XP level 2. HP: 22/23 MP: 2/2
   469 | D:1      | Reached skill level 1 in Stealth
   532 | D:1      | Found a faded altar of an unknown god.
   730 | D:1      | Reached XP level 3. HP: 28/28 MP: 3/3
  1445 | D:2      | Reached skill level 5 in Polearms
  2659 | D:4      | Reached XP level 4. HP: 21/34 MP: 4/4
  2776 | D:4      | Noticed Grinder
  3127 | D:4      | Noticed a scorpion
  3146 | D:4      | Killed a scorpion
  3147 | D:4      | Reached skill level 5 in Dodging
  3147 | D:4      | Reached skill level 1 in Spellcasting
  3147 | D:4      | Reached XP level 5. HP: 34/41 MP: 3/6
  3251 | D:4      | Found a broken altar of Ashenzari.
  3318 | D:3      | Slain by an iguana

Illustrated notes

Levels and vault maps discovered:
D:1:      co_arrival_random_square_maze, layout_loops_ring,
          hellmonk_ecumenical_altar_leap_of_faith, dk_noncrumbling_3,
          wander_ebering_terrifying_dragon_lair
D:2:      minmay_general_purpose_star, layout_basic,
          ebering_dispersal_statue_hall
D:3:      layout_rooms
D:4:      layout_loops_cross, evilmike_ruin_ashenzari, uniq_ijyb, uniq_sigmund,
          uniq_grinder

Skill      XL: |  1  2  3  4 |
---------------+-------------+-----
Stealth        | 1 2 |  2.6
Polearms       | 5 |  5.6
Fighting       | 3 |  3.3
Dodging        | 5 |  5.1
Spellcasting   | 1 |  1.1
Throwing       | |  2.0

Action                   |  1- 3 |  4- 6 || total
-------------------------+-------+-------++-------
Melee: Trident           |   125 |    58 ||   183
       Punch             |       |     1 ||     1
Throw: Throwing net      |       |     2 ||     2
  Use: Potion            |       |     1 ||     1
 Stab: Sleeping          |     7 |       ||     7
Armor: Leather armour    |    19 |    15 ||    34
Dodge: Dodged            |    50 |    45 ||    95
